 Dungeon Crawl Stone Soup version 0.24.0-123-gd5b16e6ec5 (webtiles) character file.

Game seed: 3571030903773384254, levelgen mode: deterministic

301 HawFromDerth the Sneak (level 6, -5/46 HPs)
             Began as a Human Assassin on Feb 10, 2020.
             Killed from afar by an orc wizard (8 damage)
             ... with a puff of flame
             ... on level 2 of the Dungeon.
             The game lasted 00:10:19 (2616 turns).

HawFromDerth the Sneak (Human Assassin)             Turns: 2616, Time: 00:10:19

Health: -5/46      AC:  3    Str:  8 (11) XL:     6   Next: 64%
Magic:  6/6        EV: 13    Int: 10 (11) God:
Gold:   67         SH:  0    Dex: 17      Spells: 5/5 levels left

rFire    . . .     SeeInvis .   a - +3 dagger
rCold    . . .     Gourm    .   (no shield)
rNeg     . . .     Faith    .   b - +0 robe
rPois    .         Spirit   .   (no helmet)
rElec    .         Reflect  .   c - +0 cloak
rCorr    .         Harm     .   (no gloves)
MR       .....                  (no boots)
Stlth    ++++......             (no amulet)
HPRegen  0.15/turn              (no ring)
MPRegen  0.10/turn              (no ring)

@: no status effects
A: no striking features
a: no special abilities


You were on level 2 of the Dungeon.
You were not hungry.

You visited 1 branch of the dungeon, and saw 3 of its levels.

You collected 67 gold pieces.

Inventory:

Hand Weapons
 a - a +3 dagger (weapon)
 g - a cursed -3 spear
Missiles
 d - 2 poisoned darts (quivered)
 e - 2 curare-tipped darts
Armour
 b - a +0 robe (worn)
 c - a +0 cloak (worn)
 o - a +0 robe
Jewellery
 l - an uncursed amulet of the gourmand {unknown}
Scrolls
 i - 2 scrolls of identify
 w - a scroll of amnesia
Potions
 h - a potion of might
 j - a potion of haste {unknown}
Comestibles
 f - 5 rations


   Skills:
 + Level 2.4 Fighting
 + Level 2.9 Short Blades
 + Level 2.0 Throwing
 * Level 2.7 Dodging
 * Level 6.7 Stealth


You had 5 spell levels left.
You didn't know any spells.
Your spell library was empty.

Dungeon Overview and Level Annotations

Branches:
Dungeon (3/15)

Altars:
Cheibriados
Gozag
Trog


Message History

* * * LOW HITPOINT WARNING * * *
There is a stone staircase leading up here.
You hear some strange, mumbled words.
A magic dart appears from out of thin air!
The magic dart hits you!
* * * LOW HITPOINT WARNING * * *
You climb upwards.
Reactivating autopickup.
There is a stone staircase leading down here.
Something hits you but does no damage.
Deactivating autopickup; reactivate with Ctrl-A.
You start resting.
There is a strange disturbance nearby!
There is a strange disturbance nearby!
Okay, then.
Okay, then.
You hear some strange, mumbled words.
A puff of flame appears from out of thin air!
The puff of flame hits you!
You die...

†....##..#.#..#..................
.................................
.....#####.##.#..................
.....# #.##.#.#####...#.##.#...
.#.### #.#..#.# #...#.......#
.### #.#.##.# #...#.##.#### .###
#.#.##.# #...#.##.##.. ...#
#......### #...#.##..#.. ##.#
##.....@.###...#.#####.. #§#
#..#.##.#.......#####..
#§########.>...#.#.##[#....<.#..
#§§..............#.##........###
##########.#...#.#.##......##..#
#.##.##.#.###.....##...
#............(...###.))
##.######.......#####.#
####.#########.#### #....


There were no monsters in sight!

Vanquished Creatures
  Sigmund (D:2)
  Jessica (D:2)
  2 adders (D:2)
  3 oozes
  A worm (D:2)
  2 dart slugs
  3 leopard geckos
  2 orcs (D:3)
  5 giant cockroaches
  6 goblins
  6 hobgoblins (D:2)
  11 kobolds
  A quokka (D:2)
  4 bats
  4 frilled lizards
  13 rats
65 creatures vanquished.

Notes
Turn   | Place    | Note
-------+----------+-------------------------------------------
     0 | D:1      | HawFromDerth the Human Assassin began the quest for the
                  | Orb.
     0 | D:1      | Reached XP level 1. HP: 16/16 MP: 1/1
    94 | D:1      | Reached XP level 2. HP: 22/22 MP: 2/2
   386 | D:1      | Reached XP level 3. HP: 27/27 MP: 3/3
   792 | D:1      | Reached skill level 5 in Stealth
   962 | D:2      | Noticed Jessica
   975 | D:2      | Killed Jessica
   975 | D:2      | Reached XP level 4. HP: 33/33 MP: 4/4
  1385 | D:2      | Reached XP level 5. HP: 37/38 MP: 5/5
  1465 | D:2      | Found a snail-covered altar of Cheibriados.
  1467 | D:2      | Found a bloodstained altar of Trog.
  1470 | D:2      | Found an opulent altar of Gozag.
  1687 | D:2      | Noticed Sigmund
  1761 | D:2      | Reached skill level 6 in Stealth
  2297 | D:2      | Killed Sigmund
  2297 | D:2      | Reached XP level 6. HP: 23/46 MP: 6/6
  2607 | D:3      | HP: 2/46 [something/magic dart (7)]
  2616 | D:2      | Killed from afar by an orc wizard

Levels and vault maps discovered:
D:1:      onia_arrival_larder, layout_rooms
D:2:      layout_loops_cross, chequers_temple_overflow_statue_of_worship,
          minmay_crystal_room, uniq_jessica, uniq_sigmund
D:3:      layout_basic, minmay_misc_feat_nine_boxes

Skill      XL: |  1  2  3  4  5 |
---------------+----------------+-----
Stealth        | 5 6 |  6.7
Dodging        | 2 |  2.7
Fighting       | |  2.4
Short Blades   | |  2.9
Throwing       | |  2.0

Action                   |  1- 3 |  4- 6 || total
-------------------------+-------+-------++-------
Melee: Dagger            |    65 |   131 ||   196
Throw: Dart              |       |     7 ||     7
  Use: Scroll            |     3 |     5 ||     8
       Potion            |     1 |     8 ||     9
 Stab: Sleeping          |    20 |    11 ||    31
  Eat: Chunk             |       |     2 ||     2
       Ration            |       |     1 ||     1
Armor: Robe              |     8 |    19 ||    27
Dodge: Dodged            |    23 |    76 ||    99
